 Dungeon Crawl Stone Soup version 0.17.1-3-g152610e (webtiles) character file.

219 kaze the Skirmisher (level 5, 0/42 HPs)
             Began as a Demonspawn Chaos Knight on Apr 1, 2016.
             Slain by an orc wizard
             ... wielding a +0 club
              (3 damage)
             ... on level 3 of the Dungeon.
             The game lasted 00:04:27 (2082 turns).

kaze the Skirmisher (Demonspawn Chaos Knight)       Turns: 2082, Time: 00:04:27

Health: 0/42       AC:  7    Str: 14    XL:     5   Next: 64%
Magic:  5/5        EV: 10    Int: 13    God:    Xom [.*....]
Gold:   72         SH:  9    Dex: 12    Spells: 0 memorised, 4 levels left

rFire  x . .     SeeInvis .     t - +2 falchion (slice)
rCold  + . .     Clarity  .     n - +0 ring mail
rNeg   . . .     SustAt   .     g - +2 shield
rPois  .         Gourm    .     h - +0 helmet
rElec  .         Spirit   .     p - +0 cloak
rCorr  .         Warding  .     (no gloves)
rMut   .         Rnd*Tele +     (no boots)
MR     .....                    m - amulet of rage
Stlth  +.........               f - ring of ice
                                k - ring of teleportation (curse)

@: not resistant to hostile enchantments, very unstealthy
A: claws 1, repulsion field 1
a: Renounce Religion, Evoke Berserk Rage, Evoke Teleportation


You were on level 3 of the Dungeon.
You worshipped Xom.
You were a plaything of Xom.
You were full.

You visited 1 branch of the dungeon, and saw 3 of its levels.

You collected 72 gold pieces.

Inventory:

Hand Weapons
 a - a +0 falchion of chaos
 t - a +2 falchion of slicing (weapon)
Armour
 g - a +2 shield (worn)
 h - a +0 helmet (worn)
 n - a +0 ring mail (worn)
 p - a +0 cloak (worn)
Jewellery
 f - a ring of ice (right claw)
 j - an uncursed ring of positive energy
 k - a cursed ring of teleportation (left claw)
 m - an amulet of rage (around neck)
Scrolls
 i - 2 scrolls of remove curse
 r - a scroll of enchant armour {unknown}
 u - a scroll of identify
 x - a scroll of teleportation
Potions
 c - a potion of magic {unknown}
 d - a potion of resistance {unknown}
 e - a potion of heal wounds {unknown}
 l - 2 potions of might {unknown}
 q - a potion of curing {unknown}
 s - a potion of agility {unknown}
 w - a potion of brilliance {unknown}
Comestibles
 b - a royal jelly
 o - 4 fruits
 v - 3 chunks of flesh


   Skills:
 + Level 3.9 Fighting
 + Level 3.7 Long Blades
 + Level 2.6 Armour
 + Level 1.9 Dodging
 + Level 1.8 Stealth
 + Level 1.2 Shields


You had 4 spell levels left.
You didn't know any spells.

Dungeon Overview and Level Annotations

Branches:
Dungeon (3/15)

Altars:
Cheibriados
Elyvilon


Innate Abilities, Weirdness & Mutations

You have sharp fingernails.
You are surrounded by a mild repulsion field (EV +2).


Message History

You kill the orc!
Something hits you.
* * * LOW HITPOINT WARNING * * *
The orc hits you with a flail.
* * * LOW HITPOINT WARNING * * *
You block its attack. The orc closely misses you.
You hit the orc.
You kill the orc!
You block its attack.
You hit something but do no damage. You block its attack.
You closely miss something. Something hits you but does no damage.
You hear some strange, mumbled words.
A puff of flame appears from out of thin air!
The puff of flame hits you! The fire burns you terribly!
* * * LOW HITPOINT WARNING * * *
You closely miss something.
You hear some strange, mumbled words.
Something hits you.
You die... "Boring in life, boring in death..."

##.### ..###
.....#..#.##
#..........##
#...........##
###............#
..............#
#####..)){....#
#...)..)@..#
#(###.###..# #.# #.#
#(.# #†# #.# #..# #.#
#.# #.(#####
.#####.###.# #.(....#
#...........####.###.#
#######.##.......# #.#
#.###.####.# #.#


There were no monsters in sight!

Vanquished Creatures
  The ghost of kaze the Skirmisher, a weakling DsAK of Lugonu (D:3)
  An orc priest (D:3)
  9 adders
  An ooze (D:1)
  3 giant geckos
  4 orcs (D:3)
  A ball python (D:2)
  6 giant cockroaches
  7 goblins
  6 hobgoblins
  5 kobolds
  8 bats
  3 giant newts
  10 rats
65 creatures vanquished.

Notes
Turn   | Place    | Note
--------------------------------------------------------------
     0 | D:1      | kaze the Demonspawn Chaos Knight began the quest for the Orb.
     0 | D:1      | Reached XP level 1. HP: 18/18 MP: 1/1
   114 | D:1      | XOM: harmless Air miscast
   119 | D:1      | Gained mutation: You have sharp fingernails. [demonic ancestry]
   119 | D:1      | Reached XP level 2. HP: 16/24 MP: 2/2
   197 | D:1      | Reached skill level 1 in Dodging
   459 | D:1      | XOM: colour smoke trail
   769 | D:2      | Reached XP level 3. HP: 29/29 MP: 3/3
   834 | D:2      | Found a snail-covered altar of Cheibriados.
  1133 | D:2      | Reached XP level 4. HP: 32/35 MP: 4/4
  1377 | D:2      | XOM: noise
  1578 | D:2      | XOM: mild Necr miscast
  1679 | D:3      | Reached skill level 1 in Stealth
  1708 | D:3      | Found a white marble altar of Elyvilon.
  1827 | D:3      | Noticed kaze's ghost (weakling DsAK)
  1835 | D:3      | Killed kaze's ghost
  1835 | D:3      | Gained mutation: You are surrounded by a mild repulsion field (EV +2). [demonic ancestry]
  1835 | D:3      | Reached XP level 5. HP: 42/42 MP: 5/5
  2023 | D:3      | Reached skill level 1 in Shields
  2082 | D:3      | Slain by an orc wizard

Action                   |  1- 3 |  4- 6 || total
-------------------------+-------+-------++-------
Melee: Falchion          |    79 |   103 ||   182
 Abil: Evoke Berserk Rag |       |     1 ||     1
  Use: Scroll            |       |     5 ||     5
 Stab: Paralysed         |     2 |     3 ||     5
  Eat: Bread ration      |       |     2 ||     2
